 Dungeon Crawl Stone Soup version 0.27.0-1-g7a089689b8 (webtiles) character file.

Game seed: 10381145933668763680

25834 Strat the Cleaver (level 12, -5/115 HPs)
             Began as a Minotaur Delver on Aug 12, 2021.
             Was the Champion of Okawaru.
             Engulfed by a cloud of poison gas (7 damage)
             ... on level 2 of the Abyss on Aug 13, 2021.
             The game lasted 00:47:29 (10442 turns).

Strat the Cleaver (Minotaur Delver)                Turns: 10442, Time: 00:47:30

Health: -5/115     AC: 17    Str: 26    XL:     12   Next: 93%
Magic:  17/17      EV: 18    Int:  7    God:    Okawaru [******]
Gold:   1291       SH:  0    Dex: 14    Spells: 11/11 levels left

rFire    + . .     SeeInvis .   a - +2 executioner's axe (elec)
rCold    . . .     Faith    .   (shield currently unavailable)
rNeg     . . .     Spirit   .   D - +2 scale mail {rF+}
rPois    .         Reflect  .   (helmet restricted)
rElec    .         Harm     .   x - +0 cloak
rCorr    .         Rampage  .   e - +1 pair of gloves {Stlth+}
Will     .....                  O - +1 pair of boots
Stlth    ++........             (no amulet)
HPRegen  0.29/turn              r - +6 ring of strength
MPRegen  0.15/turn              J - +4 ring of evasion

@: lethally poisoned (-5 -> -68)
A: horns 2, retaliatory headbutt
a: Renounce Religion, Heroism, Finesse


You were on level 2 of the Abyss.
You worshipped Okawaru.
Okawaru was exalted by your worship.
You visited 4 branches of the dungeon, and saw 16 of its levels.
You visited the Abyss 1 time.
You also visited: Gauntlet.

You collected 1388 gold pieces.
You spent 97 gold pieces at shops.

Inventory:

Hand Weapons
 a - a +2 executioner's axe of electrocution (weapon)
 b - a +1 hunting sling
 I - a +5 morningstar
Missiles
 f - 25 poisoned darts (quivered)
 j - 4 curare-tipped darts
 k - 63 sling bullets
 m - 250 stones
 y - 5 silver boomerangs
 C - 3 throwing nets
 P - 7 boomerangs of dispersal
Armour
 e - a +1 pair of gloves of stealth (worn)
 x - a +0 cloak (worn)
 B - a scarf of repulsion
 D - a +2 scale mail of fire resistance (worn)
 N - a +0 plate armour
 O - a +1 pair of boots (worn)
Jewellery
 l - a ring of resist corrosion
 r - a +6 ring of strength (left hand)
 w - a ring of ice
 H - a +6 ring of dexterity
 J - a +4 ring of evasion (right hand)
Wands
 g - a wand of digging (7)
 i - a wand of polymorph (22)
 q - a wand of flame (14)
 M - a wand of iceblast (6)
Scrolls
 c - a scroll of fog
 n - 2 scrolls of magic mapping
 o - a scroll of silence
 K - 2 scrolls of amnesia
Potions
 d - a potion of cancellation
 h - 3 potions of flight
 p - 2 potions of invisibility
 s - 2 potions of brilliance
 t - 2 potions of mutation
 v - a potion of haste
 z - a potion of might
 A - 3 potions of lignification
 E - a potion of attraction


   Skills:
 - Level 13.3 Fighting
 + Level 14.9 Axes
 - Level 10.0 Armour
 - Level 9.2 Dodging
 - Level 4.1 Stealth
 - Level 8.0 Invocations


You had 11 spell levels left.
You didn't know any spells.
Your spell library contained the following spells:

 Spells                   Type           Power      Damage    Failure   Level
 Blink                    Tloc           N/A        N/A       80%         2
 Call Canine Familiar     Summ           0%         N/A       95%         3
 Portal Projectile        Hex/Tloc       0%         N/A       95%         3
 Tukima's Dance           Hex            0%         N/A       95%         3
 Leda's Liquefaction      Hex/Erth       0%         N/A       100%        4
 Passage of Golubria      Tloc           N/A        N/A       100%        4
 Manifold Assault         Tloc           0%         N/A       100%        5
 Yara's Violent Unravell  Hex/Tmut       0%         3d3       100%        5
 Storm Form               Tmut/Air       0%         N/A       100%        7


Dungeon Overview and Level Annotations

Branches:
Dungeon (11/15)            Temple (1/1) D:4            Lair (5/6) D:9
  Swamp (0/4) Lair:3       Spider (0/4) Lair:2          Orc (2/2) D:11
    Elf (0/3) Orc:2       Gauntlet (visited)
  Slime: Lair:5-6

Altars:
Ashenzari
Cheibriados
Fedhas
Gozag
Okawaru
Qazlal
Uskayaw
Vehumet
Yredelemnul
The Shining One

Shops:
Orc:1 ?

Annotations:
D:5 Ijyb
D:7 Joseph
Lair:2 exclusion: oklob plant
Lair:3 2 transporters Gauntlet 2 runed translucent doors, 5 transporters


Innate Abilities, Weirdness & Mutations

You have a pair of horns on your head.
You reflexively headbutt those who attack you in melee.


Message History

Found a gateway leading deeper into the Abyss.
A green death comes into view.
The green death roars!
The green death gestures at you.
The blast of poison engulfs you but does no damage.
You are poisoned.
Found a potion of brilliance.
You are engulfed in poison gas.
You are more poisoned.
You feel extremely sick.
You slice the green death!!
Lightning courses through the green death!!
You headbutt the green death!
The green death is severely wounded.
You are engulfed in poison gas.
You are more poisoned.
You feel extremely sick. The green death gestures at you.
The bolt of poison hits you!
You are more poisoned.
* * * LOW HITPOINT WARNING * * *
You hit the green death.
You headbutt the green death, but do no damage.
The green death is severely wounded.
You are engulfed in poison gas.
You are lethally poisoned!
* * * LOW HITPOINT WARNING * * *
x2 You feel extremely sick.
The green death misses you. You furiously retaliate!
You headbutt the green death. You slice the green death!!
You kill the green death!
Okawaru is honoured by your kill.
You are engulfed in poison gas.
You are more poisoned.
* * * LOW HITPOINT WARNING * * *
x2 You feel extremely sick.
You are engulfed in poison gas.
You are more poisoned.
You die...

...._#h§...#. # ..
.#.###.. ... ##
#......# ##.# #.
##.#.#.#.. #
....###.##.....#.#..#
#....#!. #.#.>#.#####
......#.#.##..#.#
....(..#°.#######
#.@### #....#.# #..>#
#.# ##.# .# #.. . ..#
#. .## .# .


There were no monsters in sight!

Vanquished Creatures
  A green death (Abyss:2)
  Fannar (D:11)
  Harold (D:7)
  A boulder beetle (Lair:4)
  A sixfirhy (Gauntlet)
  Sonja (D:11)
  A wizard (Gauntlet)
  A deep elf pyromancer (D:10)
  A black mamba (Lair:2)
  5 elephants (Lair:3)
  A torpor snail (Lair:4)
  7 cane toads
  5 komodo dragons
  Maggie (D:8)
  3 trolls
  40 yaks
  2 basilisks
  4 wyverns
  A large abomination (Abyss:2)
  2 wargs
  2 steam dragons
  8 water moccasins
  11 orc warriors
  An ice beast (D:8)
  6 ogres
  3 centaurs
  6 wolves (Lair:1)
  4 phantoms
  7 bullfrogs
  2 kobold brigands
  A scorpion (D:6)
  A troll zombie (D:11)
  19 killer bees
  5 wights
  3 centaur zombies
  6 howler monkeys
  4 jellies
  8 orc priests
  3 hounds
  A bullfrog skeleton (D:6)
  6 hell rats (Lair:1)
  3 iguanas
  16 orc wizards
  A killer bee zombie (D:7)
  7 ogre zombies (D:11)
  2 howler monkey zombies
  A howler monkey skeleton (D:6)
  2 shadow imps
  6 ufetubi
  A dart slug (D:5)
  34 orcs
  A giant cockroach (D:4)
  A goblin (D:4)
  3 goblin zombies (D:11)
  A hobgoblin skeleton (D:11)
  A hobgoblin zombie (D:11)
  13 kobolds
  3 orc skeletons (D:11)
  12 orc zombies (D:11)
295 creatures vanquished.

Vanquished Creatures (others)
  An orc wizard (D:8)
  A bush (Lair:2)
  A demonic plant (Gauntlet)
  11 fungi
  18 plants
32 creatures vanquished.

Grand Total: 327 creatures vanquished

Notes
Turn   | Place    | Note
-------+----------+-------------------------------------------
     0 | D:5      | Strat the Minotaur Delver began the quest for the Orb.
     0 | D:5      | Reached XP level 1. HP: 19/19 MP: 0/0
    22 | D:5      | Noticed a kobold brigand
    47 | D:5      | Killed a kobold brigand
    48 | D:5      | Reached skill level 4 in Axes
    48 | D:5      | Reached XP level 2. HP: 8/28 MP: 1/1
    48 | D:5      | Reached XP level 3. HP: 10/34 MP: 2/2
    48 | D:5      | Reached XP level 4. HP: 12/41 MP: 3/3
   356 | D:5      | Noticed Ijyb
   417 | D:5      | Noticed a phantom
   443 | D:4      | Killed a phantom
   444 | D:4      | Reached skill level 5 in Fighting
   444 | D:4      | Reached skill level 5 in Axes
   444 | D:4      | Reached XP level 5. HP: 33/48 MP: 4/4
   567 | D:4      | Found a staircase to the Ecumenical Temple.
   585 | Temple   | Entered the Ecumenical Temple
   627 | Temple   | Became a worshipper of Warmaster Okawaru
   961 | D:5      | Noticed a water moccasin
   998 | D:5      | Reached skill level 6 in Axes
  1078 | D:5      | Reached XP level 6. HP: 21/56 MP: 5/5
  1167 | D:5      | Noticed a sky beast
  1272 | D:6      | Reached skill level 7 in Axes
  1473 | D:6      | Reached * piety under Okawaru
  1474 | D:6      | Reached XP level 7. HP: 58/63 MP: 6/6
  1484 | D:6      | Reached skill level 1 in Armour
  1696 | D:6      | Reached skill level 8 in Axes
  2371 | D:7      | Noticed Harold
  2395 | D:7      | Killed Harold
  2395 | D:7      | Reached ** piety under Okawaru
  2396 | D:7      | Reached skill level 9 in Axes
  2396 | D:7      | Reached skill level 5 in Armour
  2396 | D:7      | Reached XP level 8. HP: 29/73 MP: 4/7
  2560 | D:7      | Noticed Joseph
  3124 | D:7      | Reached skill level 10 in Axes
  3155 | D:8      | Noticed Maggie
  3427 | D:8      | Reached XP level 9. HP: 38/81 MP: 8/8
  3452 | D:8      | Killed Maggie
  3452 | D:8      | Reached *** piety under Okawaru
  3999 | D:9      | Found a staircase to the Lair.
  4091 | D:9      | Reached skill level 11 in Axes
  4692 | D:10     | Entered Level 10 of the Dungeon
  4709 | D:10     | Noticed a troll
  4795 | D:10     | Reached **** piety under Okawaru
  4806 | D:10     | Reached skill level 10 in Fighting
  4806 | D:10     | Reached XP level 10. HP: 69/93 MP: 9/9
  4939 | D:10     | Reached skill level 12 in Axes
  5031 | D:10     | Noticed a deep elf pyromancer
  5040 | D:10     | Killed a deep elf pyromancer
  5068 | D:10     | Found a broken altar of Ashenzari.
  5072 | D:10     | Saw a vision of the Swamp and the Spider Nest.
  5072 | D:10     | Noticed a wolf spider
  5236 | D:11     | Noticed Fannar
  5300 | D:11     | Found a staircase to the Orcish Mines.
  5300 | D:11     | Noticed Sonja
  5306 | D:11     | Reached skill level 10 in Armour
  5341 | D:11     | Killed Sonja
  5341 | D:11     | Reached ***** piety under Okawaru
  5342 | D:11     | Reached skill level 13 in Axes
  5461 | D:11     | Killed Fannar
  5462 | D:11     | Reached skill level 14 in Axes
  5462 | D:11     | Reached skill level 1 in Invocations
  5635 | Orc:1    | Entered Level 1 of the Orcish Mines
  5641 | Orc:1    | Identified the +1 robe of Yjobu Gowk {rElec Int-4 Dex+6
                  | Archmagi} (Okawaru gifted it to you on level 1 of the
                  | Orcish Mines)
  5641 | Orc:1    | Received a gift from Okawaru
  5719 | Orc:1    | Reached XP level 11. HP: 80/99 MP: 12/12
  5758 | Orc:2    | Entered Level 2 of the Orcish Mines
  5857 | Orc:1    | Found Dilybb's Magic Scroll Emporium.
  5883 | Orc:1    | Bought a scroll of enchant armour for 97 gold pieces
  6017 | Orc:2    | Found a staircase to the Elven Halls.
  6203 | Orc:2    | Reached skill level 5 in Invocations
  6377 | Orc:2    | Noticed an orc knight
  6457 | Orc:1    | Noticed an orc warlord
  7041 | Lair:1   | Entered Level 1 of the Lair of Beasts
  7762 | Lair:2   | Noticed a seven-headed hydra
  7795 | Lair:2   | Noticed an oklob plant
  7893 | Lair:2   | Reached skill level 5 in Dodging
  7906 | Lair:2   | Found a hole to the Spider Nest.
  8059 | Lair:3   | Received a gift from Okawaru
  8167 | Lair:3   | Reached XP level 12. HP: 100/110 MP: 17/17
  8290 | Lair:3   | Found a staircase to the Swamp.
  8796 | Lair:3   | Found a transporter.
  8797 | Lair:3   | Found a transporter.
  8803 | Lair:3   | Noticed a boulder beetle
  9022 | Lair:4   | Noticed a boulder beetle
  9063 | Lair:4   | Killed a boulder beetle
  9063 | Lair:4   | Received a gift from Okawaru
  9199 | Lair:4   | Reached ****** piety under Okawaru
  9239 | Lair:4   | Noticed a four-headed hydra
  9680 | Lair:3   | Received a gift from Okawaru
  9927 | Lair:5   | Found a gate leading to a gauntlet.
  9936 | Gauntlet | Entered a Gauntlet
  9936 | Gauntlet | Found a runed translucent door.
  9936 | Gauntlet | Found a transporter.
  9936 | Gauntlet | Found a runed translucent door.
  9936 | Gauntlet | Noticed a catoblepas
  9943 | Gauntlet | Found a transporter.
  9945 | Gauntlet | Found a transporter.
  9958 | Gauntlet | Found a runed translucent door.
  9958 | Gauntlet | Found a runed translucent door.
  9962 | Gauntlet | Found a transporter.
  9985 | Gauntlet | Found a transporter.
  9993 | Gauntlet | Found a transporter.
  9995 | Gauntlet | Found a transporter.
  9997 | Gauntlet | Noticed a hell hog
 10036 | Gauntlet | Found a transporter.
 10053 | Gauntlet | Found a transporter.
 10387 | Gauntlet | Found a transporter.
 10392 | Gauntlet | Cast into level 2 of the Abyss (a wizard)
 10433 | Abyss:2  | Found a sparkling altar of Nemelex Xobeh.
 10435 | Abyss:2  | Noticed a green death
 10441 | Abyss:2  | Killed a green death
 10441 | Abyss:2  | HP: 2/115 [poison (poison gas)]
 10442 | Abyss:2  | Engulfed by a cloud of poison gas

Illustrated notes

Levels and vault maps discovered:
D:4:      minmay_goblin_kobold_castle, layout_basic,
          minmay_temple_entry_sparse_star
D:5:      cheibrodos_thug_alley, layout_loops_ring, uniq_ijyb
D:6:      layout_loops_cross, minitemple
D:7:      layout_basic, minmay_statues_item, uniq_harold, uniq_joseph
D:8:      layout_basic, uniq_maggie, uniq_prince_ribbit1
D:9:      layout_stronghold, dpeg_oklobed_lair
D:10:     layout_roguey, grunt_ashenzari_visionary
          [grunt_ashenzari_visionary_swamp, grunt_ashenzari_visionary_spider]
D:11:     layout_loops_ring, zombieorc2_lemuel, uniq_grum, uniq_fannar,
          uniq_erica, uniq_sonja
Temple:   eino_temple_rhombus
Lair:1:   lemuel_ratsnest, layout_regular_city, grunt_megastairs_2
Lair:2:   layout_cave_pods, dummy_spider_entry, portal_ice_cave_entry_imps,
          columned_hall_lemuel
Lair:3:   gammafunk_boulding_lane, layout_gridlike, swamp_mist
Lair:4:   layout_hall_layers, serial_bayou_shore_a
Lair:5:   layout_hall_layers, gauntlet_entry_generic
Orc:1:    layout_caves, serial_shops, shop
Orc:2:    st_orc_mages, layout_diamond_mine
Abyss:2:  base:
D:1
Gauntlet: minmay_gauntlet_77_tree [minmay_gauntlet_arena_77_cramped,
          minmay_gauntlet_arena_77_mess, minmay_gauntlet_arena_77_shame_cube,
          minmay_gauntlet_arena_77_two_paths,
          minmay_gauntlet_arena_77_terracotta_army,
          minmay_gauntlet_arena_77_fan, minmay_gauntlet_arena_77_mirror,
          nicolae_gauntlet_exit_dead_adventurers]

Skill      XL: |  1  2  3  4  5  6  7  8  9 10 11 12 |
---------------+-------------------------------------+-----
Fighting       | 4 5 6 7 8 10 11 13 | 13.3
Axes           | 4 5 6 7 9 10 11 14 | 14.9
Armour         | 5 6 8 10 | 10.0
Invocations    | 3 8 |  8.0
Dodging        | 5 9 |  9.2
Stealth        | |  4.1

Action                   |  1- 3 |  4- 6 |  7- 9 | 10-12 || total
-------------------------+-------+-------+-------+-------++-------
Melee: Hand axe          |    15 |    72 |   201 |   737 ||  1025
       Headbutt          |     2 |    11 |    44 |   227 ||   284
       Punch             |       |       |     2 |     1 ||     3
       Executioner's axe |       |       |       |    33 ||    33
 Fire: Hunting sling     |       |       |       |     4 ||     4
Invok: Heroism           |       |       |     5 |    17 ||    22
Evoke: Wand              |       |     7 |    18 |    22 ||    47
  Use: Potion            |     1 |       |     5 |     7 ||    13
       Scroll            |       |     4 |     9 |    11 ||    24
 Stab: Sleeping          |       |     1 |     1 |       ||     2
       Paralysed         |       |       |     4 |     5 ||     9
Armor: Leather armour    |     7 |     5 |       |       ||    12
       Skin              |       |     1 |       |       ||     1
       Ring mail         |       |     6 |     3 |       ||     9
       Chain mail        |       |       |     2 |       ||     2
       Scale mail        |       |       |    62 |   154 ||   216
Dodge: Dodged            |     5 |    49 |   153 |   357 ||   564
Block: Buckler           |       |       |       |    57 ||    57
